 Dungeon Crawl Stone Soup version 0.31-a0-620-gd1cbd99268 (webtiles) character file.

Game seed: 604533048465079354

1054 hikkokomori the Trooper (level 8, 0/63 HPs)
             Began as a Merfolk Gladiator on Aug 24, 2023.
             Was a Believer of Zin.
             Slain by an adder zombie (3 damage)
             ... on level 4 of the Dungeon.
             The game lasted 00:11:25 (3809 turns).

hikkokomori the Trooper (Merfolk Gladiator)         Turns: 3809, Time: 00:11:26

Health: 0/63       AC:  9    Str: 13 (15) XL:     8   Next: 26%
Magic:  8/8        EV: 12    Int: 11 (13) God:    Zin [**....]
Gold:   254        SH:  0    Dex: 16 (17) Spells: 6/7 levels left

rFire   + . .        p - +3 long sword
rCold   . . .        (no shield)
rNeg    . . .        v - +1 ring mail {rF+}
rPois   +            c - +0 helmet
rElec   .            j - +0 cloak
rCorr   .            B - +0 pair of gloves
SInv    .            (no boots)
Will    .....        (no amulet)
Stlth   ++           y - +6 ring of intelligence
HPRegen 0.30/turn    C - ring of poison resistance
MPRegen 0.11/turn

%: no passive effects
@: no status effects
A: (nimble swimmer 2), mertail
a: Renounce Religion, Recite, Vitalisation, Donate Gold


You were on level 4 of the Dungeon.
You worshipped Zin.
Zin was pleased with you.
You visited 2 branches of the dungeon, and saw 6 of its levels.

You collected 282 gold pieces.
You donated 28 gold pieces to Zin.

Inventory:

Hand Weapons
 a - a +0 trident
 p - a +3 long sword (weapon)
Missiles
 A - 2 throwing nets
Armour
 b - a +0 leather armour
 c - a +0 helmet (worn)
 d - a +2 leather armour of willpower
 j - a +0 cloak (worn)
 v - a +1 ring mail of fire resistance (worn)
 B - a +0 pair of gloves (worn)
Magical Staves
 f - a staff of earth
 w - a staff of conjuration
Jewellery
 y - a +6 ring of intelligence (left hand)
 C - a ring of poison resistance (right hand)
Wands
 D - a wand of paralysis (4)
Scrolls
 e - 4 scrolls of identify {unknown}
 g - 2 scrolls of amnesia {unknown}
 i - a scroll of fog {unknown}
 k - a scroll of enchant weapon {unknown}
 l - 2 scrolls of noise
 r - 3 scrolls of teleportation
 s - a scroll of blinking {unknown}
 E - a scroll of poison {unknown}
Potions
 h - a potion of attraction {unknown}
 n - a potion of degeneration
 o - a potion of haste {unknown}
 t - a potion of might {unknown}
 z - a potion of mutation {unknown}


   Skills:
 + Level 5.5 Fighting
 + Level 5.0 Long Blades
 - Level 4.6 Polearms
 + Level 5.0 Throwing
 - Level 4.0 Dodging
 + Level 5.4 Stealth


You had 6 spell levels left.
You knew the following spells:

 Your Spells              Type           Power      Damage    Failure   Level
a - Foxfire               Conj/Fire      0%         2x1d4     61%         1

Your spell library contained the following spells:

 Spells                   Type           Power      Damage    Failure   Level
 Plasma Beam              Fire/Air       0%         2x1d10    100%        6
 Starburst                Conj/Fire      0%         6d3       100%        6


Dungeon Overview and Level Annotations

Branches:
Dungeon (5/15)             Temple (1/1) D:5

Altars:
Ashenzari
Elyvilon
Fedhas
Hepliaklqana
Kikubaaqudgha
Makhleb
Nemelex Xobeh
Qazlal
Ru
Trog
Yredelemnul
Zin
The Shining One

Annotations:
D:2 1 runed translucent door, Crazy Yiuf


Innate Abilities, Weirdness & Mutations

((You are very nimble when in or above water. (Stealth+, EV+, Speed+++)))
Your lower body shifts to a powerful aquatic tail in water.


Message History

The javelin pierces through the adder zombie!
The adder zombie is severely damaged.
The orc priest invokes the aid of Beogh against you.
Pain shoots through your body!
* * * LOW HITPOINT WARNING * * *
The orc priest looks braver for a moment.
Aiming: Paralyse
Press: ? - help, Shift-Dir - straight line, f/p - orc priest
Aim: an orc priest, wielding a +0 morningstar (chance to affect: 49%)
The orc priest resists with some effort.
Unknown command.
You slash the orc priest!
The orc priest is heavily wounded.
The orc priest calls down the wrath of Beogh upon you.
Beogh smites you!
* * * LOW HITPOINT WARNING * * *
The orc priest barely misses you.
Unknown command.
Okay, then.
As you read the scroll of fear, it crumbles to dust.
You assume a fearsome visage.
The adder zombie is unaffected.
The orc priest looks frightened! x2
Aiming: Paralyse
Press: ? - help, Shift-Dir - straight line, f/p - orc priest
Aim: an orc priest, wielding a +0 morningstar (heavily wounded, fleeing, chance to affect: 49%)
Okay, then.
Unknown command.
You hit the orc priest.
Your attack snaps the orc priest out of its fear.
The orc priest is almost dead.
You barely miss the adder zombie.
The adder zombie is severely damaged.
The adder zombie barely misses you.
Unknown command.
It was a potion of cancellation.
Your magical effects are unravelling.
You feel magically purged.
You float gracefully downwards.
Your enlightenment fades.
The adder zombie bites you.
You die...

.......###.#
#.##.#......# ###..###
#.###.##.#......## #..
#.......>......... ##.
##.........#.##.## #.
##.#.##.######.#
#.#.##.#####..#
##)#...........#
##.#####....#######..<#
(?o..oZ@....#######.#.#
.#.#####..............##
.# ##.#########...). .#
#.# ####.# .. ###.###
#..). .## #.....# ####
#.#.# ..
###.....##..........
#.##.#...........####.#.#
###.##...#.)...##..#
#....


You could see 2 orc priests and an adder zombie.

Vanquished Creatures
  Edmund (D:4)
  An ogre (D:5)
  2 phantoms (D:4)
  2 scorpions (D:5)
  A water moccasin zombie (D:4)
  2 hounds
  2 sleepcaps
  An iguana (D:4)
  5 orc wizards
  3 hound zombies (D:4)
  A hound skeleton (D:4)
  4 gnolls (D:5)
  9 adders
  3 adder skeletons (D:4)
  4 adder zombies (D:4)
  2 dart slugs (D:2)
  A worm (D:2)
  13 orcs
  4 bats
  3 endoplasms
  2 giant cockroaches
  7 hobgoblins
  2 quokkas (D:1)
  3 ball pythons
  A frilled lizard (D:3)
  7 goblins
  4 kobolds
  2 rats (D:1)
92 creatures vanquished.

Vanquished Creatures (others)
  An orc (D:5)
1 creature vanquished.

Grand Total: 93 creatures vanquished

Notes
Turn   | Place    | Note
-------+----------+-------------------------------------------
     0 | D:1      | hikkokomori the Merfolk Gladiator began the quest for the
                  | Orb.
     0 | D:1      | Reached XP level 1. HP: 16/16 MP: 1/1
   172 | D:1      | Reached XP level 2. HP: 20/23 MP: 2/2
   326 | D:1      | Reached skill level 1 in Stealth
   640 | D:2      | Reached XP level 3. HP: 13/28 MP: 3/3
   948 | D:2      | Reached XP level 4. HP: 34/34 MP: 4/4
  1016 | D:2      | Found a runed translucent door.
  1017 | D:2      | Noticed Crazy Yiuf
  1098 | D:2      | Found a sparkling altar of Nemelex Xobeh.
  1126 | D:2      | Reached skill level 1 in Long Blades
  2108 | D:3      | Reached XP level 5. HP: 28/41 MP: 5/5
  2171 | D:3      | Found a basalt altar of Yredelemnul.
  2582 | D:4      | Reached XP level 6. HP: 38/48 MP: 6/6
  2598 | D:4      | Noticed Edmund
  2619 | D:4      | Killed Edmund
  2753 | D:4      | Learned a level 1 spell: Foxfire
  2763 | D:4      | You fall into a shaft and drop 1 floor!
  2763 | D:5      | Entered Level 5 of the Dungeon
  2816 | D:5      | Reached XP level 7. HP: 44/55 MP: 7/7
  3026 | D:5      | Found a staircase to the Ecumenical Temple.
  3045 | Temple   | Entered the Ecumenical Temple
  3081 | Temple   | Became a worshipper of Zin the Law-Giver
  3081 | Temple   | Reached * piety under Zin
  3252 | D:5      | Reached skill level 5 in Fighting
  3445 | D:4      | Reached skill level 5 in Stealth
  3445 | D:4      | Reached XP level 8. HP: 20/62 MP: 8/8
  3679 | D:4      | Reached ** piety under Zin
  3803 | D:4      | Reached skill level 5 in Long Blades
  3803 | D:4      | Reached skill level 5 in Throwing
  3805 | D:4      | HP: 2/63 [orc priest/divine providence (11)]
  3809 | D:4      | Slain by an adder zombie

Illustrated notes

Levels and vault maps discovered:
D:1:      minmay_arrival_arboretum_large, layout_basic, minmay_close_crescents
D:2:      layout_loops_ring, basic_altar, uniq_crazy_yiuf_cottage
D:3:      layout_loops_ring, mainiacjoe_overflow_alcove_4
D:4:      layout_loops_ring, serial_undead, serial_undead_e, serial_undead_e,
          serial_undead_e, serial_undead_f, serial_undead_c, serial_undead_a,
          uniq_edmund
D:5:      layout_cave_pools, kennysheep_mini_moat, kennysheep_little_box,
          minmay_temple_entry_tees
Temple:   hellmonk_temple_forest_ring

Skill      XL: |  1  2  3  4  5  6  7  8 |
---------------+-------------------------+-----
Stealth        | 1 2 3 4 5 |  5.4
Fighting       | 3 4 5 |  5.5
Long Blades    | 1 2 3 4 5 |  5.0
Throwing       | 3 4 5 |  5.0
Polearms       | |  4.6
Dodging        | |  4.0

Action                     |  1- 3 |  4- 6 |  7- 9 || total
---------------------------+-------+-------+-------++-------
  Melee: Trident           |    96 |   172 |       ||   268
         Punch             |     1 |     2 |     2 ||     5
         Long sword        |       |     7 |   149 ||   156
  Throw: Javelin           |     1 |     4 |     3 ||     8
         Throwing net      |       |     4 |     2 ||     6
  Evoke: Wand              |       |       |     1 ||     1
    Use: Scroll            |       |     3 |     2 ||     5
         Potion            |       |       |     3 ||     3
   Stab: Sleeping          |     5 |     3 |     1 ||     9
         Distracted        |       |     1 |       ||     1
         Held in net/web   |       |     2 |     1 ||     3
 Armour: Leather armour    |    24 |    10 |       ||    34
         Ring mail         |       |    35 |    81 ||   116
  Dodge: Dodged            |    51 |    99 |   117 ||   267

Table legend: (Time is in decaauts)
 A = Elapsed time spent in this place.
 B = Non-inter-level travel time spent in this place.
 C = Inter-level travel time spent in this place.
 D = Time resting spent in this place.
 E = Time spent auto-exploring this place.
 F = Levels seen in this place.
 G = Mean time per level.
                   A        B        C        D        E       F      G
               +--------+--------+--------+--------+--------+-----+--------+
         Total |   3857 |   3743 |    114 |    327 |   2356 |   6 |  642.8 |
       Dungeon |   3802 |   3706 |     96 |    327 |   2356 |   5 |  760.4 |
        Temple |     54 |     36 |     18 |      0 |      0 |   1 |   54.0 |
               +--------+--------+--------+--------+--------+-----+--------+

Top non-repeatable levels by time:
     D:2: 1074 daAuts
     D:3: 869 daAuts
     D:4: 661 daAuts
     D:5: 628 daAuts
     D:1: 567 daAuts
  Temple: 54 daAuts
